 Dungeon Crawl Stone Soup version 0.26-a0-540-g8a0c9464d7 (webtiles) character file.

Game seed: 17685896933714936955

4 vurker the Sneak (level 1, -2/18 HPs)
             Began as a Formicid Delver on Aug 25, 2020.
             Slain by a hound (5 damage)
             ... on level 6 of the Dungeon.
             The game lasted 00:01:24 (329 turns).

vurker the Sneak (Formicid Delver)                   Turns: 329, Time: 00:01:24

Health: -2/18      AC:  3    Str: 16    XL:     1   Next: 66%
Magic:  1/1        EV: 12    Int:  9    God:
Gold:   24         SH:  0    Dex: 12    Spells: 0/0 levels left

rFire    . . .     SeeInvis +   a - +0 hand axe
rCold    . . .     Faith    .   (no shield)
rNeg     . . .     Spirit   .   b - +0 leather armour
rPois    .         Reflect  .   (helmet unavailable)
rElec    .         Harm     .   (no cloak)
rCorr    .                      (no gloves)
MR       .....                  (no boots)
Stlth    +++.......             (no amulet)
HPRegen  0.06/turn              (no ring)
MPRegen  0.07/turn              (no ring)

@: no status effects
A: permanent stasis, dig shafts and tunnels, four strong arms, antennae 3
a: Dig, Shaft Self


You were on level 6 of the Dungeon.
You visited 1 branch of the dungeon, and saw 2 of its levels.

You collected 24 gold pieces.

Inventory:

Hand Weapons
 a - a +0 hand axe (weapon)
Armour
 b - a +0 leather armour (worn)
Wands
 v - a wand of digging (3)
Scrolls
 c - a scroll of fog
 d - a scroll of magic mapping
 e - 2 scrolls of fear
 f - a scroll of immolation {unknown}


   Skills:
 + Level 3.3 Fighting
 * Level 2.2 Axes
 - Level 1.7 Dodging
 - Level 6.0 Stealth


You couldn't memorise any spells.
You didn't know any spells.
Your spell library was empty.

Dungeon Overview and Level Annotations

Branches:
Dungeon (6/15)
 Temple: D:4-7

Altars:


Innate Abilities, Weirdness & Mutations

You cannot be hasted, slowed, berserked, paralysed or teleported.
You can dig through walls and to a lower floor.
Your four strong arms can wield two-handed weapons with a shield.
You have a pair of large antennae on your head. (SInv)


Message History

An orc comes into view. It is wielding a +0 flail.
The helpless orc fails to defend itself.
You hit the orc. The orc misses you.
You hit the orc.
You kill the orc!
No target in view!
No target in view!
Things that are here:
a +0 flail; a +0 leather armour; an orc corpse An ogre comes into view.
It is wielding a +0 giant spiked club.
The ogre shouts!
You see here a club.
Found 13 gold pieces.
Found a stone staircase leading down.
A white imp comes into view.
You see here 13 gold pieces.
There is a stone staircase leading down here.
You now have 13 gold pieces.
There are no items here.
There is a stone staircase leading down here.
Found a ring mail.
A white imp comes into view.
The white imp shouts!
You hear a shout!
The white imp gestures at you. The puff of frost hits you.
An orc comes into view.
The orc moves out of view.
An orc wizard comes into view. It is wielding a +2 dagger of freezing.
Found 11 gold pieces.
You now have 24 gold pieces (gained 11).
A hound comes into view.
The hound barks!
Found a stone staircase leading up.
Found 18 gold pieces.
You hit the hound. The hound barely misses you.
The hound bites you but does no damage.
You hit the hound but do no damage. The hound bites you but does no damage.
The hound barely misses you.
You closely miss the hound. The hound barely misses you.
You hit the hound. The hound closely misses you. The hound bites you.
You closely miss the hound. The hound bites you.
* * * LOW HITPOINT WARNING * * *
The hound misses you.
You barely miss the hound. The hound bites you but does no damage.
The hound bites you.
* * * LOW HITPOINT WARNING * * *
You hit the hound. The hound bites you.
* * * LOW HITPOINT WARNING * * *
You hit the hound. The hound closely misses you. The hound bites you.
You die...

#.# #.# #.# #.#
#.# #.# #
#####.########## #
#.h............# #
#@###.########.###
.....<...##.#
#.#..
.......$.##.#
#....
########.##.#
###.# .##.. ..#
.#### #### .# ###
# .# ..# # #.# #


You could see a hound.

Vanquished Creatures
  A leopard gecko (D:5)
  An orc (D:6)
2 creatures vanquished.

Notes
Turn   | Place    | Note
-------+----------+-------------------------------------------
     0 | D:5      | vurker the Formicid Delver began the quest for the Orb.
     0 | D:5      | Reached XP level 1. HP: 18/18 MP: 1/1
    56 | D:5      | Noticed a scorpion
   112 | D:5      | Noticed an ice beast
   162 | D:6      | Noticed an ogre
   284 | D:6      | Noticed an orc wizard
   317 | D:6      | Noticed a hound
   329 | D:6      | Slain by a hound

Illustrated notes

Levels and vault maps discovered:
D:5:      layout_rooms, basic_altar, minivault_27, uniq_prince_ribbit1
D:6:      layout_loops_ring

Action                   || total
-------------------------++-------
Melee: Hand axe          ||    13
 Stab: Sleeping          ||     2
Armor: Leather armour    ||     4
Dodge: Dodged            ||     8

Table legend: (Time is in decaauts)
 A = Elapsed time spent in this place.
 B = Non-inter-level travel time spent in this place.
 C = Inter-level travel time spent in this place.
 D = Time resting spent in this place.
 E = Time spent auto-exploring this place.
 F = Levels seen in this place.
 G = Mean time per level.
                   A        B        C        D        E       F      G
               +--------+--------+--------+--------+--------+-----+--------+
         Total |    331 |    323 |      8 |      0 |     85 |   2 |  165.5 |
       Dungeon |    331 |    323 |      8 |      0 |     85 |   2 |  165.5 |
               +--------+--------+--------+--------+--------+-----+--------+

Top non-repeatable levels by time:
     D:6: 205 daAuts
     D:5: 125 daAuts
